General information
- name: BNet
- type: Ladder team game (AT/RT)
- host: Battle.net
- saver: Trufarm
map: DragonFalls
- players: 8
- length: 33:39
- speed: Fast
- version: 1.26 W3XP
- replay type: Public
» download(220 KB)
Players
team 1 (winner)

»
LoNgBeAch_Qc (
red | 65 APM | 2199 actions | 33:38)
9 Demon Hunter
3 Mana Burn
3 Evasion
1 Metamorphosis
2 Immolation
6 Keeper of the Grove
3 Entangling Roots
2 Thorns Aura
1 Tranquility
» actions
| Assign group hotkey | 24 | |
| Basic commands | 45 | |
| Build / train | 116 | |
| ESC pressed | 12 | |
| Enter build submenu | 31 | |
| Enter hero's abilities submenu | 15 | |
| Give item / drop item | 3 | |
| Right click | 1163 | |
| Select / deselect | 335 | |
| Select group hotkey | 299 | |
| Use ability | 156 | |
2199 total
» units
| Wisp | 35 | |
| Huntress | 4 | |
| Druid of the Claw | 11 | |
| Dryad | 17 | |
| Mountain Giant | 5 | |
72 total
» upgrades
| Druid of the Claw Training | 2 | |
| Mark of the Claw | 1 | |
| Abolish Magic | 1 | |
| Strength of the Wild | 3 | |
| Reinforced Hides | 4 | |
| Hardened Skin | 1 | |
| Resistant Skin | 1 | |
| Well Spring | 1 | |
| Nature's Blessing | 1 | |
| Ultravision | 1 | |
16 total
» buildings
| Moon Well | 6 | |
| Altar of Elders | 1 | |
| Hunter's Hall | 1 | |
| Ancient of War | 1 | |
| Ancient Protector | 13 | |
| Tree of Ages | 1 | |
| Ancient of Lore | 3 | |
| Tree of Life | 2 | |
| Tree of Eternity | 1 | |
| Ancient of Wonders | 1 | |
30 total
» build order
00:24 Moon Well
00:32 Altar of Elders
01:40 Hunter's Hall
02:01 Ancient of War
02:11 Moon Well
02:48 Ancient Protector
03:17 Tree of Ages
03:28 Moon Well
04:28 Moon Well
05:48 Ancient of Lore
05:53 Ancient of Lore
06:07 Ancient of Lore
06:42 Tree of Life
07:14 Tree of Eternity
08:10 Ancient Protector
08:14 Ancient Protector
08:16 Ancient Protector
08:21 Ancient Protector
08:30 Ancient Protector
09:29 Ancient Protector
12:09 Ancient of Wonders
14:00 Moon Well
15:43 Moon Well
15:49 Ancient Protector
24:38 Tree of Life
24:41 Ancient Protector
24:44 Ancient Protector
26:14 Ancient Protector
26:17 Ancient Protector
28:32 Ancient Protector
» items
| Scroll of Town Portal | 5 | |
| Potion of Healing | 4 | |
9 total

»
Kurdo (
green | 87 APM | 2936 actions | 33:38)
8 Priestess of the Moon
3 Trueshot Aura
3 Searing Arrows
1 Scout
1 Starfall
» actions
| Assign group hotkey | 51 | |
| Basic commands | 11 | |
| Build / train | 109 | |
| Enter build submenu | 30 | |
| Enter hero's abilities submenu | 8 | |
| Give item / drop item | 2 | |
| Remove unit from queue | 1 | |
| Right click | 1362 | |
| Select / deselect | 579 | |
| Select group hotkey | 706 | |
| Use ability | 77 | |
2936 total
» units
| Wisp | 32 | |
| Archer | 21 | |
| Chimaera | 7 | |
| Hippogryph | 6 | |
| Glaive Thrower | 1 | |
67 total
» upgrades
| Strength of the Moon | 3 | |
| Moon Armor | 3 | |
| Improved Bows | 1 | |
| Marksmanship | 1 | |
| Ultravision | 1 | |
| Nature's Blessing | 1 | |
| Strength of the Wild | 3 | |
| Corrosive Breath | 1 | |
| Vorpal Blades | 1 | |
15 total
» buildings
| Altar of Elders | 1 | |
| Moon Well | 8 | |
| Ancient of War | 2 | |
| Hunter's Hall | 1 | |
| Tree of Ages | 1 | |
| Ancient Protector | 8 | |
| Tree of Life | 2 | |
| Tree of Eternity | 1 | |
| Ancient of Wonders | 1 | |
| Ancient of Wind | 2 | |
| Ancient of Lore | 1 | |
| Chimaera Roost | 3 | |
31 total
» build order
00:09 Altar of Elders
00:16 Moon Well
00:25 Ancient of War
01:48 Moon Well
02:00 Moon Well
02:33 Moon Well
03:44 Ancient of War
04:24 Hunter's Hall
05:36 Tree of Ages
05:59 Ancient Protector
07:06 Ancient Protector
07:09 Ancient Protector
08:14 Ancient Protector
08:20 Tree of Life
09:27 Tree of Eternity
12:10 Ancient of Wonders
12:38 Moon Well
15:57 Tree of Life
17:45 Ancient Protector
17:49 Ancient Protector
18:16 Ancient of Wind
18:59 Ancient of Lore
19:54 Chimaera Roost
19:55 Chimaera Roost
19:58 Chimaera Roost
20:11 Moon Well
20:39 Moon Well
20:55 Ancient Protector
20:59 Ancient Protector
22:43 Ancient of Wind
23:18 Moon Well
» items
| Dust of Appearance | 2 | |
| Scroll of Town Portal | 3 | |
| Orb of Venom | 1 | |
| Potion of Healing | 1 | |
| Lesser Clarity Potion | 2 | |
| Scroll of Regeneration | 1 | |
10 total

»
knottaiphkay (
orange | 27 APM | 869 actions | 32:19)
6 Priestess of the Moon
1 Scout
3 Trueshot Aura
1 Searing Arrows
1 Starfall
4 Keeper of the Grove
1 Force of Nature
2 Thorns Aura
1 Entangling Roots
» actions
| Assign group hotkey | 28 | |
| Basic commands | 214 | |
| Build / train | 86 | |
| Enter build submenu | 20 | |
| Enter hero's abilities submenu | 10 | |
| Remove unit from queue | 1 | |
| Right click | 84 | |
| Select / deselect | 227 | |
| Select group hotkey | 161 | |
| Use ability | 38 | |
869 total
» units
| Wisp | 19 | |
| Archer | 13 | |
| Hippogryph | 11 | |
| Chimaera | 9 | |
52 total
» upgrades
| Improved Bows | 1 | |
| Strength of the Moon | 2 | |
| Ultravision | 1 | |
| Moon Armor | 1 | |
| Hippogryph Taming | 1 | |
| Marksmanship | 1 | |
| Corrosive Breath | 1 | |
| Strength of the Wild | 3 | |
| Reinforced Hides | 2 | |
13 total
» buildings
| Moon Well | 6 | |
| Altar of Elders | 1 | |
| Ancient of War | 1 | |
| Hunter's Hall | 3 | |
| Ancient of Wonders | 1 | |
| Tree of Ages | 2 | |
| Ancient Protector | 1 | |
| Tree of Eternity | 2 | |
| Ancient of Wind | 1 | |
| Chimaera Roost | 1 | |
| Tree of Life | 2 | |
21 total
» build order
01:56 Moon Well
02:11 Altar of Elders
02:31 Ancient of War
03:24 Moon Well
03:44 Moon Well
04:14 Hunter's Hall
04:44 Ancient of Wonders
05:38 Tree of Ages
06:03 Hunter's Hall
06:49 Hunter's Hall
08:13 Ancient Protector
08:18 Tree of Eternity
08:27 Ancient of Wind
10:54 Moon Well
11:12 Chimaera Roost
12:33 Tree of Life
16:11 Moon Well
17:21 Tree of Life
20:04 Tree of Ages
23:24 Tree of Eternity
24:21 Moon Well
» items
| Scroll of Town Portal | 3 | |
| Orb of Venom | 1 | |
4 total
Trufarm (
pink | 55 APM | 1846 actions | 33:39)
3 Mountain King
2 Storm Bolt
1 Thunder Clap
1 Archmage
1 Brilliance Aura
» actions
| Assign group hotkey | 11 | |
| Basic commands | 11 | |
| Build / train | 146 | |
| ESC pressed | 2 | |
| Enter build submenu | 52 | |
| Enter hero's abilities submenu | 4 | |
| Right click | 584 | |
| Select / deselect | 557 | |
| Select group hotkey | 281 | |
| Use ability | 198 | |
1846 total
» units
| Peasant | 7 | |
| Footman | 1 | |
| Dragonhawk Rider | 5 | |
| Gryphon Rider | 1 | |
| Goblin Shredder | 1 | |
15 total
» upgrades
| Masonry | 3 | |
| Animal War Training | 1 | |
| Armor | 1 | |
| Storm Hammers | 1 | |
| Swords | 1 | |
7 total
» buildings
| Altar of Kings | 1 | |
| Arcane Vault | 7 | |
| Barracks | 1 | |
| Lumber Mill | 3 | |
| Scout Tower | 8 | |
| Arcane Tower | 4 | |
| Guard Tower | 4 | |
| Farm | 21 | |
| Keep | 1 | |
| Gryphon Aviary | 2 | |
| Castle | 1 | |
| Blacksmith | 2 | |
| Town Hall | 2 | |
57 total
» build order
00:14 Altar of Kings
00:29 Arcane Vault
00:39 Barracks
00:43 Lumber Mill
01:04 Lumber Mill
02:45 Scout Tower
02:49 Scout Tower
03:09 Arcane Tower
03:22 Scout Tower
03:25 Arcane Tower
03:55 Arcane Tower
04:12 Scout Tower
04:35 Scout Tower
04:52 Guard Tower
05:15 Scout Tower
05:37 Guard Tower
05:59 Guard Tower
06:01 Arcane Tower
06:18 Farm
06:21 Farm
06:56 Farm
07:00 Farm
07:04 Farm
08:15 Scout Tower
08:15 Scout Tower
08:20 Farm
08:24 Farm
09:07 Guard Tower
09:34 Keep
10:08 Farm
10:10 Farm
10:15 Farm
10:18 Farm
10:57 Farm
11:04 Farm
11:08 Farm
11:19 Arcane Vault
11:22 Arcane Vault
11:26 Arcane Vault
11:38 Arcane Vault
11:41 Arcane Vault
12:29 Arcane Vault
14:33 Farm
14:42 Gryphon Aviary
14:47 Gryphon Aviary
17:47 Castle
19:02 Blacksmith
19:09 Blacksmith
20:35 Farm
20:38 Farm
20:41 Farm
20:45 Farm
20:48 Farm
23:17 Town Hall
25:57 Farm
26:20 Town Hall
28:11 Lumber Mill
» items
| Lesser Clarity Potion | 2 | |
| Scroll of Regeneration | 2 | |
| Mechanical Critter | 103 | |
| Potion of Healing | 1 | |
108 total
team 2 (loser)
Stinky-Girl (
purple | 47 APM | 533 actions | 11:27)
3 Keeper of the Grove
2 Force of Nature
1 Entangling Roots
2 Priestess of the Moon
1 Trueshot Aura
1 Searing Arrows
» actions
| Assign group hotkey | 8 | |
| Basic commands | 13 | |
| Build / train | 39 | |
| Enter build submenu | 16 | |
| Enter hero's abilities submenu | 5 | |
| Give item / drop item | 2 | |
| Remove unit from queue | 1 | |
| Right click | 98 | |
| Select / deselect | 146 | |
| Select group hotkey | 168 | |
| Use ability | 37 | |
533 total
» units
| Wisp | 16 | |
| Huntress | 4 | |
| Goblin Shredder | 1 | |
| Chimaera | 2 | |
23 total
» upgrades
| Ultravision | 1 | |
| Strength of the Wild | 1 | |
| Reinforced Hides | 1 | |
| Sentinel | 1 | |
4 total
» buildings
| Moon Well | 5 | |
| Altar of Elders | 1 | |
| Hunter's Hall | 1 | |
| Ancient of War | 1 | |
| Tree of Ages | 1 | |
| Tree of Eternity | 1 | |
| Tree of Life | 1 | |
| Ancient of Wind | 2 | |
| Ancient of Wonders | 1 | |
| Chimaera Roost | 3 | |
17 total
» build order
00:09 Moon Well
00:15 Altar of Elders
01:04 Hunter's Hall
01:30 Moon Well
02:05 Ancient of War
02:55 Tree of Ages
03:36 Moon Well
05:41 Tree of Eternity
05:54 Tree of Life
06:12 Ancient of Wind
06:25 Ancient of Wonders
07:08 Ancient of Wind
08:30 Chimaera Roost
08:33 Chimaera Roost
09:33 Moon Well
09:37 Moon Well
10:34 Chimaera Roost
» items
| Potion of Mana | 1 | |
| Orb of Lightning | 1 | |
2 total

»
loko_sp (
yellow | 80 APM | 2191 actions | 27:24)
8 Blademaster
2 Mirror Image
3 Critical Strike
1 Wind Walk
2 Bladestorm
2 Keeper of the Grove
2 Thorns Aura
1 Priestess of the Moon
1 Trueshot Aura
» actions
| Assign group hotkey | 40 | |
| Basic commands | 104 | |
| Build / train | 76 | |
| Enter build submenu | 21 | |
| Enter hero's abilities submenu | 11 | |
| Give item / drop item | 4 | |
| Remove unit from queue | 3 | |
| Right click | 789 | |
| Select / deselect | 426 | |
| Select group hotkey | 632 | |
| Use ability | 85 | |
2191 total
» units
| Peon | 10 | |
| Grunt | 6 | |
| Chimaera | 8 | |
| Tauren | 4 | |
| Hippogryph | 12 | |
| Spirit Walker | 2 | |
42 total
» upgrades
» buildings
| Altar of Storms | 1 | |
| Orc Burrow | 7 | |
| Barracks | 1 | |
| War Mill | 1 | |
| Voodoo Lounge | 1 | |
| Stronghold | 4 | |
| Fortress | 2 | |
| Spirit Lodge | 1 | |
| Tauren Totem | 4 | |
| Moon Well | 4 | |
| Great Hall | 1 | |
27 total
» build order
00:13 Altar of Storms
00:18 Orc Burrow
00:27 Barracks
01:30 War Mill
01:54 Voodoo Lounge
03:13 Stronghold
03:13 Stronghold
03:13 Stronghold
03:13 Stronghold
03:51 Orc Burrow
04:35 Orc Burrow
06:00 Fortress
06:24 Spirit Lodge
08:24 Orc Burrow
09:01 Tauren Totem
09:12 Tauren Totem
10:40 Orc Burrow
11:08 Orc Burrow
11:46 Tauren Totem
11:49 Tauren Totem
11:58 Orc Burrow
12:31 Moon Well
16:01 Great Hall
18:15 Moon Well
19:11 Moon Well
20:58 Moon Well
» items
| Healing Salve | 2 | |
| Lesser Clarity Potion | 1 | |
| Scroll of Speed | 1 | |
| Potion of Lesser Invulnerability | 1 | |
| Scroll of Protection | 1 | |
| Orb of Lightning | 1 | |
| Scroll of Town Portal | 1 | |
8 total
FireAngel (
blue | 41 APM | 951 actions | 23:07)
4 Blademaster
2 Wind Walk
2 Critical Strike
» actions
| Basic commands | 422 | |
| Build / train | 67 | |
| ESC pressed | 1 | |
| Enter build submenu | 15 | |
| Enter hero's abilities submenu | 4 | |
| Right click | 2 | |
| Select / deselect | 279 | |
| Use ability | 161 | |
951 total
» units
| Peon | 12 | |
| Spirit Walker | 6 | |
| Tauren | 9 | |
| Chimaera | 3 | |
| Green Dragon | 1 | |
| Green Drake | 1 | |
| Green Dragon Whelp | 1 | |
33 total
» upgrades
| Armor | 3 | |
| Melee Weapons | 3 | |
| Spirit Walker Training | 2 | |
| Pulverize | 1 | |
| Corrosive Breath | 1 | |
| Strength of the Wild | 1 | |
| Pillage | 1 | |
| Reinforced Defenses | 1 | |
| Spiked Barricades | 1 | |
14 total
» buildings
| Orc Burrow | 6 | |
| Altar of Storms | 1 | |
| Voodoo Lounge | 1 | |
| War Mill | 1 | |
| Stronghold | 1 | |
| Fortress | 1 | |
| Spirit Lodge | 1 | |
| Tauren Totem | 2 | |
| Moon Well | 1 | |
| Great Hall | 1 | |
16 total
» build order
00:05 Orc Burrow
00:08 Altar of Storms
00:54 Voodoo Lounge
01:44 Orc Burrow
01:56 War Mill
03:30 Stronghold
03:48 Orc Burrow
05:06 Orc Burrow
05:52 Fortress
05:54 Spirit Lodge
08:21 Tauren Totem
08:45 Tauren Totem
12:10 Moon Well
15:45 Great Hall
18:48 Orc Burrow
18:49 Orc Burrow
» items
| Lesser Clarity Potion | 5 | |
| Scroll of Speed | 1 | |
| Healing Salve | 2 | |
| Scroll of Town Portal | 3 | |
| Boots of Speed | 1 | |
| Orb of Lightning | 1 | |
13 total
FARMERJOE (
teal | 57 APM | 1934 actions | 33:38)
3 Paladin
2 Divine Shield
1 Devotion Aura
1 Blademaster
1 Wind Walk
» actions
| Assign group hotkey | 15 | |
| Basic commands | 17 | |
| Build / train | 163 | |
| ESC pressed | 4 | |
| Enter build submenu | 105 | |
| Enter hero's abilities submenu | 4 | |
| Give item / drop item | 5 | |
| Remove unit from queue | 1 | |
| Right click | 935 | |
| Select / deselect | 305 | |
| Select group hotkey | 131 | |
| Use ability | 249 | |
1934 total
» units
» upgrades
| Masonry | 2 | |
| Lumber Harvesting | 1 | |
3 total
» buildings
| Altar of Kings | 1 | |
| Farm | 62 | |
| Arcane Vault | 34 | |
| Lumber Mill | 1 | |
| Scout Tower | 43 | |
| Arcane Tower | 2 | |
| Keep | 2 | |
| Town Hall | 1 | |
| Guard Tower | 18 | |
164 total
» build order
00:21 Altar of Kings
00:37 Farm
00:54 Arcane Vault
01:13 Lumber Mill
01:26 Farm
01:39 Scout Tower
02:00 Farm
02:06 Farm
02:10 Farm
02:14 Farm
03:20 Farm
03:23 Farm
03:36 Arcane Tower
03:39 Arcane Vault
03:43 Arcane Vault
03:47 Arcane Vault
03:59 Arcane Vault
04:04 Arcane Vault
04:17 Farm
04:21 Farm
04:22 Farm
04:37 Farm
04:55 Farm
04:58 Farm
05:16 Arcane Vault
05:21 Farm
06:00 Farm
06:03 Arcane Vault
06:07 Arcane Vault
06:29 Farm
06:30 Farm
06:34 Farm
06:47 Farm
06:50 Farm
07:09 Farm
07:48 Farm
07:53 Farm
07:55 Farm
07:55 Farm
07:56 Farm
07:58 Farm
07:59 Farm
08:00 Farm
08:02 Farm
08:03 Farm
08:04 Farm
08:05 Farm
08:07 Farm
08:09 Farm
09:10 Farm
09:20 Arcane Vault
09:21 Arcane Vault
11:00 Farm
11:10 Farm
11:11 Farm
11:13 Farm
12:25 Arcane Vault
12:28 Keep
12:56 Farm
14:19 Arcane Vault
14:20 Arcane Vault
14:21 Arcane Vault
14:22 Arcane Vault
14:23 Arcane Vault
14:31 Arcane Vault
14:31 Arcane Vault
14:33 Arcane Vault
15:29 Arcane Vault
15:30 Arcane Vault
15:31 Arcane Vault
15:35 Arcane Vault
15:37 Arcane Vault
15:40 Arcane Vault
16:09 Arcane Vault
16:14 Arcane Vault
16:14 Arcane Vault
16:55 Town Hall
17:29 Arcane Vault
17:33 Arcane Vault
18:06 Arcane Vault
18:07 Arcane Vault
18:15 Scout Tower
18:16 Scout Tower
18:17 Scout Tower
18:18 Scout Tower
18:19 Scout Tower
18:20 Scout Tower
18:20 Scout Tower
18:21 Scout Tower
18:25 Scout Tower
18:26 Scout Tower
18:27 Scout Tower
19:11 Arcane Vault
19:23 Farm
19:32 Guard Tower
19:39 Farm
19:45 Farm
20:07 Farm
20:12 Farm
20:14 Farm
20:21 Farm
20:25 Farm
20:29 Farm
20:32 Farm
20:34 Farm
20:38 Farm
20:45 Farm
20:47 Farm
20:49 Farm
20:50 Farm
20:56 Farm
20:57 Farm
20:58 Farm
20:59 Farm
22:50 Guard Tower
22:51 Guard Tower
23:00 Scout Tower
23:00 Scout Tower
23:01 Scout Tower
23:02 Scout Tower
23:02 Scout Tower
23:03 Scout Tower
23:03 Scout Tower
23:04 Scout Tower
23:08 Guard Tower
23:14 Scout Tower
23:15 Scout Tower
23:15 Scout Tower
23:16 Scout Tower
23:17 Scout Tower
23:18 Scout Tower
23:18 Scout Tower
23:19 Scout Tower
23:20 Scout Tower
23:20 Scout Tower
23:21 Scout Tower
23:30 Guard Tower
23:41 Arcane Tower
24:05 Guard Tower
24:18 Guard Tower
24:34 Guard Tower
24:39 Guard Tower
24:39 Guard Tower
24:44 Guard Tower
24:44 Guard Tower
24:52 Guard Tower
25:15 Guard Tower
25:23 Guard Tower
26:20 Guard Tower
27:05 Guard Tower
27:18 Scout Tower
27:18 Scout Tower
27:18 Scout Tower
27:19 Scout Tower
27:20 Scout Tower
27:20 Scout Tower
27:21 Scout Tower
28:06 Keep
» items
| Mechanical Critter | 76 | |
| Boots of Speed | 1 | |
| Staff of Teleportation | 1 | |
| Scroll of Regeneration | 2 | |
| Lesser Clarity Potion | 1 | |
81 total
Chat log
(00:06 / All) Trufarm: I'll trying looking fo the replay later today
(00:09 / All) Trufarm: It's a good one
(00:12 / All) FARMERJOE: kk <3
(00:19 / Allies) Trufarm: if you ping more, he'll come back
(00:28 / Allies) LoNgBeAch_Qc: lol
(00:44 / Allies) LoNgBeAch_Qc: hate those fucker
(00:48 / Allies) LoNgBeAch_Qc: he's not high level
(00:50 / Allies) Kurdo: arhcer potmr
(00:54 / Allies) LoNgBeAch_Qc: he didnt wait long for the game
(00:59 / Allies) LoNgBeAch_Qc: he's doing it on purpose
(01:10 / Allies) Kurdo: take his mine
(01:12 / Allies) Kurdo: i will
(01:16 / Allies) Trufarm: ok
(01:20 / Allies) Kurdo: fuck this nerd
(01:22 / Allies) LoNgBeAch_Qc: units green?
(01:23 / Allies) Kurdo: we will win
(01:26 / Allies) Kurdo: archer dotts
(01:31 / Allies) LoNgBeAch_Qc: k ill go melee
(01:37 / Allies) LoNgBeAch_Qc: dh kotg for me
(01:47 / Allies) LoNgBeAch_Qc: hunts to bears-giants
(01:49 / Allies) LoNgBeAch_Qc: some dryads
(02:17 / Allies) LoNgBeAch_Qc: i take corner mine?
(02:19 / Allies) Trufarm: ojs back
(02:24 / Allies) LoNgBeAch_Qc: oh he's there
(02:24 / Allies) knottaiphkay: hi!
(03:00 / Allies) LoNgBeAch_Qc: green who takes corner expo?
(03:06 / Allies) Kurdo: hes back
(03:29 / Allies) Kurdo: oh LOL
(03:32 / Allies) Kurdo: our corner
(03:34 / Allies) Kurdo: u go for it
(03:36 / Allies) LoNgBeAch_Qc: yea lol
(03:43 / Allies) LoNgBeAch_Qc: now
(03:56 / Allies) LoNgBeAch_Qc: can u spare some wood?
(04:03 / Allies) LoNgBeAch_Qc: green
(04:07 / Allies) LoNgBeAch_Qc: we stick togwther plz
(04:20 / Allies) LoNgBeAch_Qc: . .
(05:02 / Allies) LoNgBeAch_Qc: take
(05:23 / Allies) LoNgBeAch_Qc: next
(06:45 / All) knottaiphkay: ha
(06:46 / Allies) Trufarm: nice
(07:06 / Allies) LoNgBeAch_Qc: green
(07:58 / Allies) Kurdo: oh
(08:00 / Allies) Kurdo: make towers
(08:05 / Allies) Kurdo: seems like blue is a bat master
(08:16 / Allies) Trufarm: ok
(08:40 / Allies) knottaiphkay: pink take expo
(08:43 / Allies) Trufarm: eh
(08:44 / Allies) Trufarm: you can have it
(08:53 / Allies) knottaiphkay: ...
(09:23 / All) Kurdo: hacking virgin
(09:29 / All) FireAngel: who?
(09:33 / All) Kurdo: you
(09:37 / Allies) Kurdo: nice
(09:37 / All) Trufarm: lo
(09:42 / All) FireAngel: i dont need to hack
(09:43 / All) Kurdo: nice taurens
(10:20 / All) FARMERJOE: lol pies, i dont think they get it, just lots of bitching in allied chat
(10:25 / All) FARMERJOE: how about your side
(10:29 / All) knottaiphkay: haha
(10:35 / All) Trufarm: A coherent narrative
(10:55 / Allies) LoNgBeAch_Qc: im out green
(11:14 / All) Kurdo: get fucked in the ass
(11:24 / Allies) LoNgBeAch_Qc: gj man
(11:27 / All) Trufarm: lol
(11:36 / Allies) knottaiphkay: pink units?
(11:42 / Allies) Trufarm: nein
(11:56 / Allies) knottaiphkay: o
(12:00 / Allies) LoNgBeAch_Qc: oups
(12:03 / Allies) LoNgBeAch_Qc: forgot to make shop
(12:06 / Allies) Kurdo: lol
(12:11 / Allies) LoNgBeAch_Qc: and you?
(12:13 / Allies) Kurdo: yes
(12:14 / Allies) Kurdo: too
(12:22 / Allies) Kurdo: go again
(12:23 / Allies) LoNgBeAch_Qc: wait
(12:26 / Allies) LoNgBeAch_Qc: we dont go without tp
(12:28 / Allies) Kurdo: dopnt let yellow taurens
(12:29 / Allies) Kurdo: go
(12:32 / Allies) Kurdo: risk man
(12:32 / Allies) Kurdo: xd
(13:04 / Allies) LoNgBeAch_Qc: brt
(13:18 / All) Kurdo: no taurens virgin
(13:26 / All) Trufarm: lol
(13:29 / All) Kurdo: fuck lol
(13:30 / All) FARMERJOE: mikey myers?
(13:37 / Allies) LoNgBeAch_Qc: ill get u a tp green
(13:43 / Allies) knottaiphkay: hen houses
(13:51 / All) Trufarm: LOL
(14:04 / All) knottaiphkay: rrk
(14:12 / All) Trufarm: We're going to sick PETA on you jerks
(14:38 / Allies) Kurdo: give me tp
(14:40 / Allies) Kurdo: fgast red
(14:52 / Allies) Kurdo: repair oj
(14:55 / Allies) LoNgBeAch_Qc: move
(15:10 / All) Trufarm: teelol what r u doooing
(15:17 / All) Trufarm: u cnat fiiight
(15:19 / All) FARMERJOE: massing shops atm
(15:22 / All) FARMERJOE: oh whoops
(15:57 / All) FARMERJOE: but yeah
(16:03 / All) FARMERJOE: lol at your team showing with mass archers so late
(16:05 / All) Kurdo: virgins have to bite the fust
(16:13 / All) Trufarm: you tell 'em greent
(16:29 / All) FARMERJOE: am I allowed an expo?
(16:32 / All) Trufarm: Sure
(16:41 / All) FARMERJOE: since yellow made a fuss about getting an expo then never took it
(16:47 / All) Trufarm: lol
(17:15 / Allies) Kurdo: dont dier ed
(17:23 / All) Trufarm: Yeah red
(17:27 / All) Trufarm: Don't die to the VIRGINS!!
(17:27 / Allies) Kurdo: use pot red
(17:36 / All) FARMERJOE: lawl
(19:04 / All) FARMERJOE: damn had 2000 lumber before, now its all gone
(19:05 / All) FARMERJOE: wtf
(19:06 / Allies) knottaiphkay: forgot to by a tp
(19:11 / All) Trufarm: LOl
(19:23 / Allies) LoNgBeAch_Qc: go buy 1 . .
(20:41 / Allies) knottaiphkay: blue is the real threat
(20:43 / Allies) knottaiphkay: !
(20:46 / All) Kurdo: blue is a virgin
(20:53 / Allies) LoNgBeAch_Qc: we hit the other side??
(21:07 / Allies) LoNgBeAch_Qc: lolz
(21:08 / All) Kurdo: farmer virgins
(21:12 / All) FARMERJOE: HEY LEAVE MY ZOO ALONE YOU FUCKS
(21:14 / All) Trufarm: The leader of Outer Heaven is none other than Blue! He schemed it all! Don't be fooled!
(21:26 / All) Trufarm: And.. there goes my critters
(21:32 / Allies) knottaiphkay: tp?
(21:35 / Allies) Trufarm: yes
(21:38 / All) FARMERJOE: ILL REPORT YOU TO PETA
(21:39 / Allies) Kurdo: yes
(21:54 / All) FARMERJOE: FUCK THE CAGES ARE BROKEN THE ANIMALS ARE LOOOOOOOOOOOOSE
(22:21 / Allies) Kurdo: red move
(22:29 / Allies) Kurdo: stupid cunt
(22:48 / Allies) Kurdo: what part do u not understand
(23:32 / All) Trufarm: well
(23:34 / All) Trufarm: One cage survived
(23:50 / All) Trufarm: So that's nothing short of a miracle
(23:52 / All) FARMERJOE: I still have 4 up thankfully
(23:59 / All) Trufarm: Yeah
(24:00 / All) Trufarm: Luck yyou!
(25:37 / All) FARMERJOE: WOAH MY HERO JUST LEVELLED HOW THE FUCK DID THAT HAPPEN
(25:40 / All) FARMERJOE: ITS ALL THE WAY OVER HERE
(25:42 / All) Kurdo: stfu motherfucker.
(25:48 / All) Trufarm: My MK is level 3
(25:52 / All) Trufarm: am only 1 though
(26:12 / All) FARMERJOE: NOOOOOOOOOOOOO YOU LEAVE MY ZOO ALONE YOU DIRTFUCK
(26:34 / All) Kurdo: lol
(26:35 / All) Trufarm: oooooooooooh shit
(26:44 / All) Trufarm: that's awful
(26:45 / All) Trufarm: I can't watch
(27:29 / All) Kurdo: what a fucking virgin
(28:49 / All) FARMERJOE: FUCK THE CAGES ARE BROKEN AGAIN
(29:12 / All) Trufarm: you mean they DIDN'T break when STARS flew out of the sky at them?
(29:16 / All) FARMERJOE: DO SOMETHING PIES NOOOOOOOOOOOOOOOOOOOOOOOOO
(29:29 / All) Kurdo: LOL
(30:11 / All) FARMERJOE: pies im coming to look at your base now
(30:43 / All) Trufarm: I never fully recoverd after getting attacked, only just got a new mine now
(30:53 / All) FARMERJOE: ah
(30:53 / All) Trufarm: I did manage to rebuild one of the lost cages
(31:07 / All) Kurdo: teal
(31:12 / All) Kurdo: du u do this shit always?
(31:44 / All) FARMERJOE: lawl shops to surround
(31:47 / All) FARMERJOE: didnt think of that
(31:49 / All) Trufarm: It's effecient
(31:51 / All) FARMERJOE: thought the critters would get out
(31:59 / All) Trufarm: Not if you hold position lol
(32:05 / All) Kurdo: Teal do u give me permission
(32:08 / All) Kurdo: to post it?
(32:11 / All) FARMERJOE: but the wander makes it look real :(
(32:15 / Allies) knottaiphkay: gg
(32:17 / All) Trufarm: I guess so
(32:20 / All) FARMERJOE: lol where
(32:26 / All) Trufarm: yeah sure
(32:26 / All) FARMERJOE: Ill be uploading my side of the chatlog on highper.ch
(32:28 / All) Kurdo: www.wcreplays.com
(32:37 / All) Kurdo: michael myers here
(32:41 / All) FARMERJOE: upload it to highper.ch please
(32:42 / All) FARMERJOE: not there
(32:44 / All) Trufarm: yeah
(32:48 / All) Trufarm: highper.ch is good site :P
(32:48 / All) Kurdo: whats the link?
(32:49 / All) Trufarm: for replays
(32:55 / All) Trufarm: highper.ch
(32:56 / All) Trufarm: is the link
(32:56 / All) FARMERJOE: the link is highper.ch
(32:57 / All) Kurdo: TEELO LOL MAN HI
(33:02 / All) Kurdo: kk
(33:11 / All) FARMERJOE: yeah hi i remember you :P
(33:12 / All) Trufarm: Anyway
(33:15 / All) Trufarm: If you're oging to kill my farm
(33:16 / All) FARMERJOE: "Tower."
(33:17 / All) Trufarm: YOu'll ahve to die
(33:20 / All) Kurdo: Teelo post more games at wcreplays.com
(33:28 / All) FARMERJOE: sif, highper.ch for lyfe
(33:32 / All) Kurdo: to see anthill virgin rage hard